 Dungeon Crawl Stone Soup version 0.31-a0-846-gb3bcc0d938 (webtiles) character file.

Game seed: 8950397879005923918

1680 BinkBink the Thaumaturge (level 8, -7/41 HPs)
             Began as a Deep Elf Fire Elementalist on Oct 4, 2023.
             Was an Initiate of Hepliaklqana.
             Mangled by a human
             ... wielding a +0 long sword
              (12 damage)
             ... on level 7 of the Dungeon.
             The game lasted 00:09:32 (4658 turns).

BinkBink the Thaumaturge (DEFE)                     Turns: 4658, Time: 00:09:33

Health: -7/41      AC:  3    Str:  5    XL:     8   Next: 71%
Magic:  6/23       EV: 12    Int: 23    God:    Hepliaklqana [......]
Gold:   188        SH:  0    Dex: 15    Spells: 22/25 levels left

rFire   . . .        (no weapon)
rCold   . . .        (no shield)
rNeg    . . .        a - +0 robe
rPois   .            (no helmet)
rElec   .            k - +0 cloak
rCorr   .            (no gloves)
SInv    .            (no boots)
Will    .....        l - amulet of faith
Stlth   ++           (no ring)
HPRegen 0.26/turn    (no ring)
MPRegen 0.18/turn

%: faith
@: no status effects
A: no striking features
a: Renounce Religion


You were on level 7 of the Dungeon.
You worshipped Hepliaklqana.
Hepliaklqana was noncommittal.
You visited 2 branches of the dungeon, and saw 6 of its levels.

You collected 188 gold pieces.

Inventory:

Armour
 a - a +0 robe (worn)
 f - a +0 buckler
 k - a +0 cloak (worn)
 r - the +0 leather armour of Qobe {rC+ Will- Int+7}
   (You found it on level 6 of the Dungeon)

   Int+7:     It affects your intelligence (+7).
   rC+:       It protects you from cold.
   Will-:     It decreases your willpower.
Jewellery
 l - an amulet of faith (around neck)
 m - a ring of wizardry
Scrolls
 c - a scroll of teleportation {unknown}
 e - a scroll of poison {unknown}
 g - 2 scrolls of vulnerability {unknown}
 p - a scroll of fear {unknown}
 q - a scroll of identify {unknown}
Potions
 d - 4 potions of degeneration {unknown}
 h - 2 potions of lignification {unknown}
 i - 2 potions of brilliance {unknown}
 j - a potion of curing {unknown}
 n - a potion of attraction {unknown}
 o - 3 potions of cancellation {unknown}
 s - 3 potions of mutation {unknown}


   Skills:
 - Level 2.4 Dodging
 - Level 2.4 Stealth
 + Level 9.0 Spellcasting
 + Level 7.0 Conjurations
 + Level 7.7 Fire Magic


You had 22 spell levels left.
You knew the following spells:

 Your Spells              Type           Power      Damage    Failure   Level
a - Foxfire               Conj/Fire      100%       2x1d9     1%          1
b - Scorch                Fire           92%        2d8       1%          2

Your spell library contained the following spells:

 Spells                   Type           Power      Damage    Failure   Level
 Momentum Strike          Conj/Tloc      52%        3d9       2%          2
 Inner Flame              Hex/Fire       28%        N/A       3%          3
 Volatile Blastmotes      Fire/Tloc      56%        2d14      3%          3
 Flame Wave               Conj/Fire      44%        2d11      3%          4
 Blink                    Tloc           20%        N/A       10%         2
 Call Imp                 Summ           20%        N/A       10%         2
 Lesser Beckoning         Tloc           20%        N/A       10%         2
 Passwall                 Tmut/Erth      8%         N/A       10%         2
 Starburst                Conj/Fire      22%        6d7       43%         6
 Plasma Beam              Fire/Air       14%        2x1d25    89%         6
 Malign Gateway           Summ/Tloc      5%         N/A       100%        7
 Summon Hydra             Summ           5%         N/A       100%        7


Dungeon Overview and Level Annotations

Branches:
Dungeon (7/15)             Temple (1/1) D:6

Altars:
Dithmenos
Elyvilon
Fedhas
Hepliaklqana
Kikubaaqudgha
Nemelex Xobeh
Okawaru
Qazlal
Ru
Sif Muna
Trog
Uskayaw
Vehumet
Wu Jian
Xom
Zin

Annotations:
D:7 1 runed translucent door, Opifex's ghost, novice VSMo


Message History

Your Spellcasting skill increases to level 9!
Your Conjurations skill increases to level 7!
Unknown command.
Your foxfire dissipates! x3
Your foxfire dissipates!
Found an iron altar of Okawaru. 2 humans come into view.
The human hits you with a +0 long sword!
The human shouts!
Casting: Foxfire (safe; 1% risk of failure)
Confirm with . or Enter, or press ? or * to list all spells.
Flames lash the human.
The human is lightly wounded.
The human's fire resistance burns away.
The human hits you with a +0 long sword.
Casting: Scorch (safe; 1% risk of failure)
Confirm with . or Enter, or press ? or * to list all spells.
Flames lash the human.
The human is burned terribly!
The human is moderately wounded.
The human barely misses you.
The human hits you with a +0 long sword.
Casting: Scorch (safe; 1% risk of failure)
Confirm with . or Enter, or press ? or * to list all spells.
Flames lash the human.
The human is burned terribly!
The human is heavily wounded.
The human misses you. x2
Casting: Scorch (safe; 1% risk of failure)
Confirm with . or Enter, or press ? or * to list all spells.
Flames lash the human.
The human is burned terribly!
The human is severely wounded.
The human hits you with a +0 long sword! x2
* * * LOW HITPOINT WARNING * * *
Casting: Scorch (safe; 1% risk of failure)
Confirm with . or Enter, or press ? or * to list all spells.
Flames lash the human.
The human is almost dead.
The human hits you with a +0 long sword.
* * * LOW HITPOINT WARNING * * *
The human hits you with a +0 long sword!
You die...

#.# # ##M# ...# ...#
...# .#.. ...#
...####### ...#
#..#.._..# ...#
#..#.p.p.# ...# ##..#
#@# ...# ...# #.#
...#########.###.###.##
.....§..................
#...##.....##..###......
##...#..................
W#...#)#§#.#############
##...#.#.#.#
#....)<#.#.#


You could see 2 humans.

Vanquished Creatures
  5 humans (D:6)
  Menkaure (D:7)
  2 sky beasts (D:6)
  A black bear (D:6)
  An orc warrior (D:7)
  2 kobold brigands
  A bullfrog (D:6)
  2 jellies (D:6)
  A hound (D:6)
  A sleepcap (D:6)
  2 iguanas (D:6)
  An orc wizard (D:7)
  3 adders
  A white imp (D:6)
  An ufetubus (D:7)
  2 dart slugs
  5 orcs (D:7)
  5 bats
  5 endoplasms
  2 giant cockroaches
  5 goblins
  6 hobgoblins
  2 jackals (D:1)
  5 quokkas
  8 ball pythons
  3 frilled lizards
  12 kobolds
  4 rats
89 creatures vanquished.

Vanquished Creatures (others)
  262 foxfires
262 creatures vanquished.

Grand Total: 351 creatures vanquished

Notes
Turn   | Place    | Note
-------+----------+-------------------------------------------
     0 | D:1      | BinkBink the Deep Elf Fire Elementalist began the quest for
                  | the Orb.
     0 | D:1      | Reached XP level 1. HP: 10/10 MP: 6/6
   264 | D:1      | Reached XP level 2. HP: 11/15 MP: 2/8
  1094 | D:1      | Learned a level 2 spell: Scorch
  1296 | D:2      | Reached XP level 3. HP: 19/19 MP: 8/10
  1535 | D:2      | Found a faded altar of an unknown god.
  2353 | D:3      | Reached skill level 4 in Spellcasting
  2747 | D:3      | Reached XP level 4. HP: 24/24 MP: 7/12
  3007 | D:3      | You fall into a shaft and drop 3 floors!
  3070 | D:6      | Noticed a sky beast
  3200 | D:6      | Found a staircase to the Ecumenical Temple.
  3243 | D:6      | Identified the +0 leather armour of Qobe {rC+ Will- Int+7}
  3263 | D:6      | Noticed a black bear
  3269 | D:6      | Killed a black bear
  3270 | D:6      | Reached skill level 5 in Spellcasting
  3270 | D:6      | Reached XP level 5. HP: 28/28 MP: 4/14
  3346 | D:6      | Got a gaudy book
  3460 | D:6      | Killed a sky beast
  3461 | D:6      | Reached skill level 5 in Fire Magic
  3461 | D:6      | Reached XP level 6. HP: 32/32 MP: 0/16
  3585 | D:6      | Reached skill level 6 in Spellcasting
  3641 | D:6      | Noticed a sky beast
  3648 | D:6      | Killed a sky beast
  3649 | D:6      | Reached XP level 7. HP: 23/36 MP: 16/18
  3896 | D:6      | Reached skill level 5 in Conjurations
  3903 | D:6      | Noticed a human
  3909 | D:6      | Killed a human
  3910 | D:6      | Reached skill level 7 in Spellcasting
  3956 | D:6      | Noticed a human
  3959 | D:6      | Noticed a human
  3961 | D:6      | Noticed a human
  3962 | D:6      | Killed a human
  3968 | D:6      | Killed a human
  3969 | D:6      | Reached XP level 8. HP: 32/41 MP: 5/21
  3971 | D:6      | Reached skill level 8 in Spellcasting
  4210 | Temple   | Entered the Ecumenical Temple
  4256 | Temple   | Became a worshipper of Hepliaklqana the Forgotten
  4321 | D:7      | Found a runed translucent door.
  4321 | D:7      | Noticed Opifex's ghost (novice VSMo)
  4597 | D:7      | Noticed Menkaure
  4597 | D:7      | Noticed a troll
  4645 | D:7      | Killed Menkaure
  4646 | D:7      | Reached skill level 9 in Spellcasting
  4650 | D:7      | Found an iron altar of Okawaru.
  4658 | D:7      | Mangled by a human

Illustrated notes

Levels and vault maps discovered:
D:1:      kilobyte_arrival_exit_the_forest, layout_loops_ring
D:2:      layout_basic, ebering_ecumenical_altar_sacrificial,
          nicolae_twisty_statue_hallways
D:3:      minmay_bubble_buster, layout_basic
D:6:      layout_basic, temple_doors_e, minmay_ruffians
D:7:      kennysheep_windowed_halls, layout_basic, okawaru_humans,
          hellmonk_ghost_happy_afterlife, serial_curves, eino_curves_02,
          eino_curves_04, eino_curves_04, uniq_menkaure, uniq_crazy_yiuf_cottage
Temple:   regret_index_temple_generic_petals

Skill      XL: |  1  2  3  4  5  6  7  8 |
---------------+-------------------------+-----
Conjurations   | 2 3 4 5 7 |  7.0
Spellcasting   | 4 5 6 7 9 |  9.0
Fire Magic     | 4 5 6 7 |  7.7
Dodging        | |  2.4
Stealth        | |  2.4

Action                     |  1- 3 |  4- 6 |  7- 9 || total
---------------------------+-------+-------+-------++-------
  Melee: Unarmed           |       |       |     1 ||     1
   Cast: Foxfire           |    79 |    26 |    55 ||   160
         Scorch            |       |    20 |    21 ||    41
    Use: Potion            |       |     1 |       ||     1
 Armour: Robe              |     9 |     5 |    20 ||    34
  Dodge: Dodged            |    12 |     5 |    17 ||    34

Table legend: (Time is in decaauts)
 A = Elapsed time spent in this place.
 B = Non-inter-level travel time spent in this place.
 C = Inter-level travel time spent in this place.
 D = Time resting spent in this place.
 E = Time spent auto-exploring this place.
 F = Levels seen in this place.
 G = Mean time per level.
                   A        B        C        D        E       F      G
               +--------+--------+--------+--------+--------+-----+--------+
         Total |   4669 |   4452 |    217 |      0 |   3867 |   6 |  778.2 |
       Dungeon |   4600 |   4449 |    151 |      0 |   3867 |   5 |  920.0 |
        Temple |     68 |      2 |     66 |      0 |      0 |   1 |   68.0 |
               +--------+--------+--------+--------+--------+-----+--------+

Top non-repeatable levels by time:
     D:6: 1254 daAuts
     D:2: 1186 daAuts
     D:1: 1146 daAuts
     D:3: 683 daAuts
     D:7: 328 daAuts
  Temple: 68 daAuts
